| TOP OF THE 1ST |
|
Lexington Legends batting - Pitching for Bowling Green Hot Rods : RHP Angelo Mora
|
|
Pitching: RHP Angelo Mora
|
|
|
Batting: RHB Kevin Wimberly
|
0-0: Foul Ball, location: 2F 0-1: Fly out, F9 (Flyball, 9D, EV 102.5 MPH)
|
|
Batting: RHB Chad Sullivan
|
0-0: Ball 1-0: Ball 2-0: Foul Ball, location: 2F 2-1: Called Strike 2-2: Ground out 6-3 (Groundball, 6M, EV 82.5 MPH)
|
|
Batting: RHB Nick Julien
|
0-0: Foul Ball, location: 2F 0-1: Swinging Strike 0-2: Ball 1-2: Strikes out swinging
|
| Top of the 1st over - 0 runs, 0 hits, 0 errors, 0 left on base; Lexington 0 - Bowling Green 0 |
| BOTTOM OF THE 1ST |
|
Bowling Green Hot Rods batting - Pitching for Lexington Legends : RHP Gary Ackerman
|
|
Pitching: RHP Gary Ackerman
|
|
|
Batting: RHB Adam Turpin
|
0-0: Foul Ball, location: 2F 0-1: Ball 1-1: Foul Ball, location: 2F 1-2: Ball 2-2: Foul Ball, location: 2F 2-2: Strikes out swinging
|
|
Batting: RHB Alex Zamora
|
0-0: Ball 1-0: Foul Ball, location: 2F 1-1: Ball 2-1: DOUBLE (Line Drive, 89M, EV 96.2 MPH)
|
|
Batting: SHB Wayne Hattan
|
0-0: Called Strike 0-1: 2-RUN HOME RUN (Flyball, 7D, EV 96.9 MPH), Distance : 374 ft
|
|
Batting: LHB Mario Ocana
|
0-0: Called Strike 0-1: Ball 1-1: Ball 2-1: Foul Ball, location: 2F 2-2: Ball 3-2: Foul Ball, location: 2F 3-2: Strikes out swinging
|
|
Batting: RHB Isaiah Easter
|
0-0: Called Strike 0-1: Ball 1-1: Foul Ball, location: 2F 1-2: Ball 2-2: Foul Ball, location: 2F 2-2: Strikes out swinging
|
| Bottom of the 1st over - 2 runs, 2 hits, 0 errors, 0 left on base; Lexington 0 - Bowling Green 2 |
| TOP OF THE 2ND |
|
Lexington Legends batting - Pitching for Bowling Green Hot Rods : RHP Angelo Mora
|
|
Batting: SHB Bill Ertl
|
0-0: Ball 1-0: Ground out 5-3 (Groundball, 56, EV 100.0 MPH)
|
|
Batting: LHB Bobby Gonzalez
|
0-0: Ball 1-0: Ball 2-0: Ball 3-0: Swinging Strike 3-1: Ground out 4-3 (Groundball, 4, EV 75.6 MPH)
|
|
Batting: RHB Justin Goff
|
0-0: Ball 1-0: Ground out 3-1 (Groundball, 13, EV 86.9 MPH)
|
| Top of the 2nd over - 0 runs, 0 hits, 0 errors, 0 left on base; Lexington 0 - Bowling Green 2 |
| BOTTOM OF THE 2ND |
|
Bowling Green Hot Rods batting - Pitching for Lexington Legends : RHP Gary Ackerman
|
|
Batting: LHB Sean Banks
|
0-0: Called Strike 0-1: Fly out, F8 (Flyball, 8LD, EV 96.2 MPH)
|
|
Batting: RHB Jason Penfield
|
0-0: Ball 1-0: Fly out, F7 (Line Drive, 7, EV 105.6 MPH)
|
|
Batting: RHB Jim Erdody
|
0-0: Foul Ball, location: 2F 0-1: TRIPLE (Line Drive, 89XD, EV 114.4 MPH)
|
|
Batting: LHB Jimmy Detrie
|
0-0: Called Strike 0-1: Ground out U3 (Groundball, 34, EV 85.0 MPH)
|
| Bottom of the 2nd over - 0 runs, 1 hit, 0 errors, 1 left on base; Lexington 0 - Bowling Green 2 |
| TOP OF THE 3RD |
|
Lexington Legends batting - Pitching for Bowling Green Hot Rods : RHP Angelo Mora
|
|
Batting: RHB Nate De Jongh
|
0-0: Fly out, F7 (Flyball, 7S, EV 83.8 MPH)
|
|
Batting: LHB Josh Dalton
|
0-0: Foul Ball, location: 2F 0-1: Foul Ball, location: 2F 0-2: Ball 1-2: SINGLE (Line Drive, 8RS, EV 104.4 MPH)
|
|
Batting: RHB Vance Coen
|
0-0: Foul Ball, location: 2F 0-1: Swinging Strike 0-2: Strikes out swinging
|
|
Batting: RHB Kevin Wimberly
|
0-0: Ball 1-0: Ball 2-0: Ground out 5-3 (Groundball, 5S, EV 90.6 MPH)
|
| Top of the 3rd over - 0 runs, 1 hit, 0 errors, 1 left on base; Lexington 0 - Bowling Green 2 |
| BOTTOM OF THE 3RD |
|
Bowling Green Hot Rods batting - Pitching for Lexington Legends : RHP Gary Ackerman
|
|
Batting: RHB Adam Turpin
|
0-0: Ball 1-0: Ball 2-0: Ball 3-0: Called Strike 3-1: Base on Balls
|
|
Batting: RHB Alex Zamora
|
0-0: Ball 1-0: Foul Ball, location: 2F 1-1: Called Strike 1-2: Fly out, F7 (Flyball, 7S, EV 93.1 MPH)
|
|
Pitching: LHP Butch Ott
|
|
|
Batting: SHB Wayne Hattan
|
0-0: Called Strike Adam Turpin steals 2nd base 0-1: Ball 1-1: Ball 2-1: Foul Ball, location: 2F 2-2: Ball 3-2: SINGLE (Line Drive, 89S, EV 109.4 MPH) Adam Turpin to third
|
|
Batting: LHB Mario Ocana
|
0-0: Ball 1-0: Foul Ball, location: 2F 1-1: Ball 2-1: Ball 3-1: Called Strike 3-2: Foul Ball, location: 2F 3-2: Fielders Choice at 2nd, 3-6 (Groundball, 3, EV 95.0 MPH) Adam Turpin scores
|
|
Batting: RHB Isaiah Easter
|
0-0: Ball 1-0: Ball 2-0: Fly out, F7 (Line Drive, 78M, EV 89.4 MPH)
|
| Bottom of the 3rd over - 1 run, 1 hit, 0 errors, 1 left on base; Lexington 0 - Bowling Green 3 |
| TOP OF THE 4TH |
|
Lexington Legends batting - Pitching for Bowling Green Hot Rods : RHP Angelo Mora
|
|
Batting: RHB Chad Sullivan
|
0-0: Ball 1-0: Called Strike 1-1: Swinging Strike 1-2: Strikes out swinging
|
|
Batting: RHB Nick Julien
|
0-0: SINGLE (Line Drive, 4D, EV 101.9 MPH)
|
|
Batting: SHB Bill Ertl
|
0-0: Foul Ball, location: 2F 0-1: Foul Ball, location: 2F 0-2: Ball 1-2: Foul Ball, location: 2F 1-2: Foul Ball, location: 2F 1-2: Foul Ball, location: 2F 1-2: Ball 2-2: Ball 3-2: Ground out 1-3 (Groundball, P, EV 61.9 MPH) Nick Julien to second
|
|
Batting: LHB Bobby Gonzalez
|
0-0: Ball 1-0: Foul Ball, location: 2F 1-1: Ball 2-1: Foul Ball, location: 2F 2-2: Foul Ball, location: 2F 2-2: Strikes out looking
|
| Top of the 4th over - 0 runs, 1 hit, 0 errors, 1 left on base; Lexington 0 - Bowling Green 3 |
| BOTTOM OF THE 4TH |
|
Bowling Green Hot Rods batting - Pitching for Lexington Legends : LHP Butch Ott
|
|
Batting: LHB Sean Banks
|
0-0: Ball 1-0: Foul Ball, location: 2F 1-1: Swinging Strike 1-2: Ball 2-2: Strikes out swinging
|
|
Pitching: RHP Ian Current
|
|
|
Batting: RHB Jason Penfield
|
0-0: Ball 1-0: Called Strike 1-1: Reached on error, E6 (Groundball, 6, EV 85.0 MPH)
|
|
Batting: RHB Jim Erdody
|
0-0: Ball 1-0: Swinging Strike 1-1: Ball 2-1: Ball 3-1: Base on Balls Jason Penfield to second
|
|
Batting: LHB Jimmy Detrie
|
0-0: Fielders Choice at 2nd, 3-6 (Groundball, 3, EV 86.2 MPH) Jason Penfield to third
|
|
Batting: RHB Adam Turpin
|
0-0: SINGLE (Line Drive, 7S, EV 101.9 MPH) Jason Penfield scores Jimmy Detrie to second
|
|
Batting: RHB Alex Zamora
|
0-0: Called Strike 0-1: Swinging Strike 0-2: Ball 1-2: Foul Ball, location: 2F 1-2: Fielders Choice at 2nd, 6-4 (Groundball, 6, EV 98.8 MPH)
|
| Bottom of the 4th over - 1 run, 1 hit, 1 error, 2 left on base; Lexington 0 - Bowling Green 4 |
| TOP OF THE 5TH |
|
Lexington Legends batting - Pitching for Bowling Green Hot Rods : RHP Angelo Mora
|
|
Batting: RHB Justin Goff
|
0-0: Called Strike 0-1: Ball 1-1: SOLO HOME RUN (Flyball, 9LD, EV 90.6 MPH), Distance : 350 ft
|
|
Batting: RHB Nate De Jongh
|
0-0: Ball 1-0: Swinging Strike 1-1: Ball 2-1: Foul Ball, location: 2F 2-2: Foul Ball, location: 2F 2-2: Strikes out swinging
|
|
Batting: LHB Josh Dalton
|
0-0: Ball 1-0: Ground out 4-3 (Groundball, 4, EV 83.8 MPH)
|
|
Batting: RHB Vance Coen
|
0-0: Ball 1-0: Called Strike 1-1: Ground out U3 (Groundball, 3, EV 91.2 MPH)
|
| Top of the 5th over - 1 run, 1 hit, 0 errors, 0 left on base; Lexington 1 - Bowling Green 4 |
| BOTTOM OF THE 5TH |
|
Bowling Green Hot Rods batting - Pitching for Lexington Legends : RHP Ian Current
|
|
Batting: SHB Wayne Hattan
|
0-0: Ball 1-0: Ball 2-0: Foul Ball, location: 2F 2-1: Ball 3-1: Base on Balls
|
|
Pitching: RHP Tony Jimenez
|
|
|
Batting: LHB Mario Ocana
|
0-0: Called Strike 0-1: Foul Ball, location: 2F 0-2: Ball 1-2: Strikes out looking
|
|
Batting: RHB Isaiah Easter
|
0-0: Called Strike 0-1: Swinging Strike 0-2: Grounds into double play, 5-4-3 (Groundball, 56S, EV 90.6 MPH)
|
| Bottom of the 5th over - 0 runs, 0 hits, 0 errors, 0 left on base; Lexington 1 - Bowling Green 4 |
| TOP OF THE 6TH |
|
Lexington Legends batting - Pitching for Bowling Green Hot Rods : RHP Angelo Mora
|
|
Batting: RHB Kevin Wimberly
|
0-0: Called Strike 0-1: Swinging Strike 0-2: Strikes out swinging
|
|
Batting: RHB Chad Sullivan
|
0-0: Ball 1-0: Called Strike 1-1: Foul Ball, location: 2F 1-2: Ball 2-2: Foul Ball, location: 2F 2-2: Ball 3-2: SINGLE (Groundball, 56, EV 107.5 MPH)
|
|
Batting: RHB Nick Julien
|
0-0: DOUBLE (Flyball, 8LXD, EV 110.6 MPH) Chad Sullivan to third Runner from 3rd tries for Home, SAFE, throw by CF to home
|
|
Batting: SHB Bill Ertl
|
0-0: Called Strike 0-1: Ball 1-1: Swinging Strike 1-2: Foul Ball, location: 2F 1-2: Hit by Pitch
|
|
Batting: LHB Bobby Gonzalez
|
0-0: Called Strike 0-1: Ball 1-1: Ball 2-1: Grounds out, U3 (Groundball, 3L, EV 101.2 MPH) Nick Julien to third
|
|
Batting: RHB Justin Goff
|
0-0: Ground out 6-3 (Groundball, 6, EV 103.8 MPH)
|
| Top of the 6th over - 1 run, 2 hits, 0 errors, 2 left on base; Lexington 2 - Bowling Green 4 |
| BOTTOM OF THE 6TH |
|
Bowling Green Hot Rods batting - Pitching for Lexington Legends : RHP Tony Jimenez
|
|
Batting: LHB Sean Banks
|
0-0: Ball 1-0: Ball 2-0: Ball 3-0: Called Strike 3-1: Base on Balls
|
|
Batting: RHB Jason Penfield
|
0-0: Ball 1-0: Foul Ball, location: 2F 1-1: Foul Ball, location: 2F 1-2: Foul Ball, location: 2F 1-2: Ball 2-2: Ball 3-2: Base on Balls Sean Banks to second
|
|
Pitching: RHP Greg Sell
|
|
|
Batting: RHB Jim Erdody
|
0-0: Called Strike 0-1: Ball 1-1: Swinging Strike 1-2: Ball 2-2: Strikes out looking
|
|
Batting: LHB Jimmy Detrie
|
0-0: SINGLE (Groundball, 4MD, EV 107.5 MPH) Sean Banks to third Jason Penfield to second
|
|
Batting: RHB Adam Turpin
|
0-0: Ball 1-0: Ball 2-0: Ball 3-0: Base on Balls Sean Banks scores Jason Penfield to third Jimmy Detrie to second
|
|
Batting: RHB Alex Zamora
|
0-0: Called Strike 0-1: Ball 1-1: Ball 2-1: Foul Ball, location: 2F 2-2: Ball 3-2: Strikes out swinging
|
|
Batting: SHB Wayne Hattan
|
0-0: Ball 1-0: Ball 2-0: Called Strike 2-1: Swinging Strike 2-2: Strikes out swinging
|
| Bottom of the 6th over - 1 run, 1 hit, 0 errors, 3 left on base; Lexington 2 - Bowling Green 5 |
| TOP OF THE 7TH |
|
Lexington Legends batting - Pitching for Bowling Green Hot Rods : RHP Angelo Mora
|
|
Batting: RHB Nate De Jongh
|
0-0: Ball 1-0: Ball 2-0: Ball 3-0: Called Strike 3-1: Fly out, F8 (Flyball, 8RXD, EV 86.9 MPH)
|
|
Batting: LHB Josh Dalton
|
0-0: Foul Ball, location: 2F 0-1: Called Strike 0-2: Strikes out swinging
|
|
Batting: RHB Vance Coen
|
0-0: Foul Ball, location: 2F 0-1: Foul Ball, location: 2F 0-2: Strikes out looking
|
| Top of the 7th over - 0 runs, 0 hits, 0 errors, 0 left on base; Lexington 2 - Bowling Green 5 |
| BOTTOM OF THE 7TH |
|
Bowling Green Hot Rods batting - Pitching for Lexington Legends : RHP Greg Sell
|
|
Pitching: LHP Tyler Abraham
|
|
|
Batting: LHB Mario Ocana
|
0-0: Ball 1-0: Foul Ball, location: 2F 1-1: Ground out 5-3 (Groundball, 56, EV 106.9 MPH)
|
|
Batting: RHB Isaiah Easter
|
0-0: Foul Ball, location: 2F 0-1: Foul Ball, location: 2F 0-2: Fly out, F3 (Popup, 3SF, EV 85.6 MPH)
|
|
Batting: LHB Sean Banks
|
0-0: Ball 1-0: Ball 2-0: Called Strike 2-1: Ground out 2-3 (Groundball, 15S, EV 68.1 MPH)
|
| Bottom of the 7th over - 0 runs, 0 hits, 0 errors, 0 left on base; Lexington 2 - Bowling Green 5 |
| TOP OF THE 8TH |
|
Lexington Legends batting - Pitching for Bowling Green Hot Rods : RHP Angelo Mora
|
|
Batting: RHB Kevin Wimberly
|
0-0: Called Strike 0-1: Foul Ball, location: 2F 0-2: Ball 1-2: Ball 2-2: Foul Ball, location: 2F 2-2: Strikes out swinging
|
|
Batting: RHB Chad Sullivan
|
0-0: Ball 1-0: Ground out 5-3 (Groundball, 56S, EV 73.8 MPH)
|
|
Batting: RHB Nick Julien
|
0-0: Ball 1-0: Ground out 5-3 (Groundball, 56S, EV 66.2 MPH)
|
| Top of the 8th over - 0 runs, 0 hits, 0 errors, 0 left on base; Lexington 2 - Bowling Green 5 |
| BOTTOM OF THE 8TH |
|
Bowling Green Hot Rods batting - Pitching for Lexington Legends : LHP Tyler Abraham
|
|
Batting: RHB Jason Penfield
|
0-0: Ball 1-0: Called Strike 1-1: SINGLE (Line Drive, 7S, EV 95.6 MPH)
|
|
Batting: RHB Jim Erdody
|
0-0: Ball 1-0: Bunted foul 1-1: Sac Bunt to 3S - play at first, batter OUT! 3-4 Jason Penfield to second
|
|
Batting: LHB Jimmy Detrie
|
0-0: Ball 1-0: Ball 2-0: Called Strike 2-1: Called Strike 2-2: Foul Ball, location: 2F 2-2: Foul Ball, location: 2F 2-2: Ball 3-2: Base on Balls
|
|
Pitching: RHP Kolenka Leschenya
|
|
|
Batting: RHB Adam Turpin
|
0-0: Called Strike 0-1: Ball 1-1: Foul Ball, location: 2F 1-2: Ball 2-2: Fielders Choice at 2nd, 3-6 (Groundball, 34S, EV 88.1 MPH) Jason Penfield to third
|
|
Batting: RHB Alex Zamora
|
0-0: Reached on error, E6 (Groundball, 6, EV 86.9 MPH) Jason Penfield scores Adam Turpin to second
|
|
Batting: SHB Wayne Hattan
|
0-0: Swinging Strike 0-1: Swinging Strike 0-2: SINGLE (Groundball, 4MD, EV 103.8 MPH) Adam Turpin to third Alex Zamora to second Runner from 3rd tries for Home, SAFE, throw by CF to home
|
|
Batting: LHB Mario Ocana
|
0-0: Ball 1-0: Ball 2-0: Ball 3-0: Called Strike 3-1: Base on Balls Alex Zamora to third Wayne Hattan to second
|
|
Batting: RHB Isaiah Easter
|
0-0: Ball 1-0: SINGLE (Line Drive, 6MD, EV 98.1 MPH) Alex Zamora scores Wayne Hattan to third Mario Ocana to second
|
|
Batting: LHB Sean Banks
|
0-0: Ball 1-0: SINGLE (Groundball, 6MD, EV 97.5 MPH) Wayne Hattan scores Mario Ocana to third Isaiah Easter to second Runner from 3rd tries for Home, SAFE, throw by CF to home
|
|
Pitching: RHP Luis Diaz
|
|
|
Batting: RHB Jason Penfield
|
0-0: Ball 1-0: Ball 2-0: Ball 3-0: Base on Balls Isaiah Easter to third Sean Banks to second
|
|
Batting: RHB Jim Erdody
|
0-0: Ball 1-0: Called Strike 1-1: Ball 2-1: Ball 3-1: Base on Balls Isaiah Easter scores Sean Banks to third Jason Penfield to second
|
|
Batting: LHB Jimmy Detrie
|
0-0: Called Strike 0-1: DOUBLE (Groundball, 5L, EV 105.0 MPH) Sean Banks scores Jason Penfield scores Jim Erdody to third Runner from 3rd tries for Home, throw by LF and OUT! 7-6-2
|
| Bottom of the 8th over - 8 runs, 5 hits, 1 error, 1 left on base; Lexington 2 - Bowling Green 13 |
| TOP OF THE 9TH |
|
Lexington Legends batting - Pitching for Bowling Green Hot Rods : RHP Angelo Mora
|
|
Pitching: RHP Mike Oliver
|
|
|
Pinch Hitting: RHB Carlos Santoni
|
0-0: Ball 1-0: Swinging Strike 1-1: Fly out, F9 (Line Drive, 89M, EV 92.5 MPH)
|
|
Batting: LHB Bobby Gonzalez
|
0-0: Fly out, F6 (Popup, 4MD, EV 54.4 MPH)
|
|
Batting: RHB Justin Goff
|
0-0: Ball 1-0: SOLO HOME RUN (Flyball, 7D, EV 94.4 MPH), Distance : 368 ft
|
|
Batting: RHB Nate De Jongh
|
0-0: Ball 1-0: Ball 2-0: Ball 3-0: Called Strike 3-1: Base on Balls
|
|
Batting: LHB Josh Dalton
|
0-0: Ball 1-0: Fly out, F8 (Flyball, 89M, EV 75.6 MPH)
|
| Top of the 9th over - 1 run, 1 hit, 0 errors, 1 left on base; Lexington 3 - Bowling Green 13 |
|